Blue Jackets vs Nordiques
Created - 5 novembre 2014 at 23:13
Goals
|
| Blue Jackets |
2 |
2 |
2 |
0 |
1 |
6 |
| Nordiques |
1 |
4 |
1 |
0 |
2 |
7 |
|
Shots
|
| Blue Jackets |
15 |
16 |
7 |
1 |
4 |
39 |
| Nordiques |
9 |
14 |
7 |
1 |
4 |
31 |
|
1st period
1. Blue Jackets , Ramzi Abid 6 (Jan Bulis) at 0:17
2. Blue Jackets , Chris Kelly 7 (Marcus Nilson, A.J Thelen) at 0:34
3. Nordiques , Tyler Arnason 6 (Jordan Eberle, Patrik Elias) at 5:57
Penalties :
Marc Savard (Clb) for Goalie Interference (Minor) at 7:30
2nd period
4. Nordiques , Andrei Kostitsyn 6 (Peter Prucha, Brooks Laich) at 3:03 (PP)
5. Blue Jackets , Marcus Nilson 8 (Wade Redden, Rick DiPietro) at 11:34
6. Nordiques , Andrei Kostitsyn 7 (Matt Smaby, Mattias Weinhandl) at 13:10
7. Blue Jackets , Branislav Mezei 3 (Wade Redden) at 14:11 (PP)
8. Nordiques , Sergei Samsonov 6 (Bryan McCabe, Brooks Laich) at 15:48 (SH)
9. Nordiques , Sergei Samsonov 7 (Brooks Laich, Chris Pronger) at 15:56 (SH)
Penalties :
A.J Thelen (Clb) for Holding (Minor) at 2:55, Peter Prucha (Que) for Hooking (Minor) at 13:32, Ed Jovanovski (Que) for Unsportsmanlike conduct (Major / Game Misconduct) at 15:31
3rd period
10. Blue Jackets , Chris Kelly 8 (Adam Deadmarsh, Marcus Nilson) at 4:18
11. Blue Jackets , Marc Savard 4 (Pavel Bure) at 6:59
12. Nordiques , Rickard Wallin 2 (Matt Smaby, Mattias Weinhandl) at 9:21
Penalties :
Nick Schultz (Que) for Holding (Minor) at 1:26, Wade Redden (Clb) for Elbowing (Minor) at 16:05
Overtime #1
No Goal
Penalties :
No Penalty
Shootout
Penalty Shot by Marc Savard for Blue Jackets - Stopped by Jean-Sébastien Giguère
Penalty Shot by Andrei Kostitsyn for Nordiques - Stopped by Rick DiPietro
Penalty Shot by David Booth for Blue Jackets - Stopped by Jean-Sébastien Giguère
Penalty Shot by Sergei Samsonov for Nordiques - Shot Misses the Net
Penalty Shot by Pavel Bure for Blue Jackets - Goal!
Penalty Shot by Jordan Eberle for Nordiques - Goal!
Penalty Shot by Blake Wheeler for Blue Jackets - Stopped by Jean-Sébastien Giguère
Penalty Shot by Peter Prucha for Nordiques - Goal!
Penalties :
No Penalty
Goalie Stats
Rick DiPietro (Clb), 25 saves from 31 shots - (0,806), OTL, 9-6-3, 65:00 minutes
Jean-Sébastien Giguère (Que), 33 saves from 39 shots - (0,846), W, 7-6-1, 65:00 minutes
Players Stats for Blue Jackets
Player Name G A P +/- PIM S H SB GA TA FO MP PP MP PK MP
------------------------------------------------------------------------------------
A.J Thelen 0 1 1 1 2 0 1 2 0 2 0/0 13:35 0:33 0:56
Adam Deadmarsh 0 1 1 0 0 0 0 1 0 0 1/1 13:00 0:30 0:00
Blake Wheeler 0 0 0 0 0 4 3 0 0 1 0/0 17:41 2:44 0:47
Brad Stuart 0 0 0 -1 0 0 3 3 0 0 0/0 21:42 1:55 1:00
Branislav Mezei 1 0 1 0 0 3 3 3 0 0 0/0 29:54 5:09 3:06
Chris Kelly 2 0 2 0 0 3 1 3 0 0 3/9 15:40 0:49 0:49
Dave Steckel 0 0 0 1 0 0 4 0 0 0 1/3 7:06 0:00 0:00
David Booth 0 0 0 -1 0 7 1 1 0 0 3/5 23:48 4:04 2:24
François Beauchemin 0 0 0 -1 0 2 1 1 0 0 0/0 21:59 1:55 1:40
Jan Bulis 0 1 1 0 0 2 0 0 0 1 6/7 15:16 2:44 0:00
Jason Ward 0 0 0 1 0 1 1 0 1 0 0/0 7:06 0:00 0:00
Jeff Taffe 0 0 0 1 0 5 0 0 0 0 2/2 10:15 0:20 1:32
Marc Savard 1 0 1 -1 2 4 3 0 0 1 12/26 23:09 4:04 1:19
Marcus Nilson 1 2 3 0 0 3 1 1 1 0 1/1 15:33 0:48 0:34
Mike Commodore 0 0 0 1 0 0 0 0 0 0 0/0 13:42 0:33 0:00
Pavel Bure 0 1 1 -1 0 3 3 0 0 0 2/3 22:03 4:04 0:47
Ramzi Abid 1 0 1 0 0 1 0 0 1 0 1/2 15:16 2:44 0:00
Wade Redden 0 2 2 0 2 1 0 1 0 0 0/0 29:06 5:09 1:30
Players Stats for Nordiques
Player Name G A P +/- PIM S H SB GA TA FO MP PP MP PK MP
------------------------------------------------------------------------------------
Andrei Kostitsyn 2 0 2 1 0 5 5 1 1 0 1/2 21:28 2:34 1:37
Brooks Laich 0 3 3 3 0 0 2 0 0 0 15/32 23:55 2:34 4:05
Bryan McCabe 0 1 1 0 0 0 3 3 0 1 0/0 30:48 2:10 4:28
Chris Pronger 0 1 1 1 0 1 4 4 0 0 0/0 28:56 2:13 4:28
Ed Jovanovski 0 0 0 -1 15 1 1 1 0 0 0/0 7:19 0:00 0:00
Jeff Halpern 0 0 0 -3 0 0 1 0 0 0 1/4 10:02 0:00 0:27
Jordan Eberle 0 1 1 0 0 1 1 0 0 0 0/0 17:10 1:32 1:52
Jordan Leopold 0 0 0 0 0 0 2 0 0 1 0/0 23:40 1:54 2:38
Matt Ellison 0 0 0 -3 0 1 0 0 0 0 0/0 10:18 0:00 1:21
Matt Smaby 0 2 2 1 0 2 1 1 0 0 0/0 24:34 1:55 2:38
Mattias Weinhandl 0 2 2 0 0 3 0 0 0 0 0/0 11:59 0:00 0:00
Nick Schultz 0 0 0 -1 2 0 1 2 0 0 0/0 13:25 0:00 0:31
Patrik Elias 0 1 1 0 0 3 1 0 0 1 1/1 16:03 1:32 0:26
Peter Prucha 0 1 1 1 2 4 2 0 0 0 0/0 19:11 2:34 0:00
Rickard Wallin 1 0 1 0 0 1 0 0 1 0 5/8 12:11 0:00 0:00
Ryan Bayda 0 0 0 -3 0 2 0 0 1 0 0/0 8:35 0:00 0:00
Sergei Samsonov 2 0 2 2 0 5 0 2 1 0 0/0 16:04 0:00 4:05
Tyler Arnason 1 0 1 0 0 2 0 2 1 0 4/12 16:42 1:32 1:52
3 Stars
1 - Andrei Kostitsyn (Que)
2 - Sergei Samsonov (Que)
3 - Brooks Laich (Que)
Power Play
Blue Jackets - 1 on 3 Attempt(s) - 33,33%
Nordiques - 1 on 3 Attempt(s) - 33,33%
Penalty Kill
Blue Jackets - 2 on 3 Attempt(s) - 66,67%
- Score 0 goal in Penalty Kill
Nordiques - 2 on 3 Attempt(s) - 66,67%
- Score 2 goal in Penalty Kill
Official
Referees : Rooney Chris and Kowal Tom
Linesman : Steve Barton and Mark Pare
Game Notes
Ed Jovanovski ejected from game at 15:31 of 2nd period
Finance
Level 1 -- Attendance: 5230 (87,17%) -- Ticket Income 444 550 $
Level 2 -- Attendance: 4306 (86,12%) -- Ticket Income 215 300 $
Level 3 -- Attendance: 1160 (58,00%) -- Ticket Income 46 400 $
Level 4 -- Attendance: 2592 (64,80%) -- Ticket Income 64 800 $
Luxury Box -- Attendance: 901 (90,10%) -- Ticket Income 130 645 $
Game was played at the Colisé Pepsi
Total Attendance: 14189 (78,83%)
Total Ticket Income: 901 695 $
Other Income: 135 254 $
Total Income: 1 036 949 $
Blue Jackets
5 vs 5 Forward
Center Left Wing Right Wing Time % Phy DF OF
1 Marc Savard David Booth Pavel Bure 40 1 2 2
2 Jan Bulis Ramzi Abid Blake Wheeler 30 1 2 2
3 Chris Kelly Marcus Nilson Adam Deadmarsh 20 1 2 2
4 Dave Steckel Jeff Taffe Jason Ward 10 1 2 2
5 vs 5 Defense
Defense Defense Time % Phy DF OF
1 Branislav Mezei Wade Redden 40 1 2 2
2 François Beauchemin Brad Stuart 30 1 2 2
3 Mike Commodore A.J Thelen 20 1 2 2
4 Branislav Mezei Wade Redden 10 1 2 2
PowerPlay Forward
Center Left Wing Right Wing Time % Phy DF OF
1 Marc Savard David Booth Pavel Bure 60 1 1 3
2 Jan Bulis Ramzi Abid Blake Wheeler 40 1 1 3
PowerPlay Defense
Defense Defense Time % Phy DF OF
1 Branislav Mezei Wade Redden 60 1 1 3
2 François Beauchemin Brad Stuart 40 1 1 3
Penalty Kill 4 Players Forward
Center Wing Time % Phy DF OF
1 Marc Savard David Booth 60 1 3 1
2 Pavel Bure Blake Wheeler 40 1 3 1
Penalty Kill 4 Players Defense
Defense Defense Time % Phy DF OF
1 Branislav Mezei Wade Redden 60 1 1 3
2 François Beauchemin Brad Stuart 40 1 3 1
Penalty Kill - 3 Players Forward
Forward Time % Phy DF OF
1 Marc Savard 60 1 2 2
2 David Booth 40 1 2 2
Penalty Kill - 3 Players Defense
Defense Defense Time % Phy DF OF
1 Branislav Mezei Wade Redden 60 1 2 2
2 François Beauchemin Brad Stuart 40 1 2 2
4 vs 4 Forward
Center Wing Time % Phy DF OF
1 Marc Savard David Booth 60 1 2 2
2 Pavel Bure Blake Wheeler 40 1 2 2
4 vs 4 Defense
Defense Defense Time % Phy DF OF
1 Branislav Mezei Wade Redden 60 1 2 2
2 François Beauchemin Brad Stuart 40 1 2 2
Last Minutes Offensive
Center Left Wing Right Wing Defense Defense
Marc Savard David Booth Pavel Bure Branislav Mezei Wade Redden
Last Minutes Defensive
Center Left Wing Right Wing Defense Defense
Marc Savard David Booth Pavel Bure Branislav Mezei Wade Redden
Goaltenders
Starting : Rick DiPietro
Backup : Mathieu Garon
Extra Forwards
Normal : Marcus Nilson, Chris Kelly, Jeff Taffe - PP : Marcus Nilson, Chris Kelly - PK : Jeff Taffe
Extra Defensemen
Normal : Mike Commodore, A.J Thelen, François Beauchemin - PP : Mike Commodore - PK : A.J Thelen, François Beauchemin
Penalty Shots
Marc Savard, David Booth, Pavel Bure, Blake Wheeler, Ramzi Abid
Nordiques
5 vs 5 Forward
Center Left Wing Right Wing Time % Phy DF OF
1 Brooks Laich Andrei Kostitsyn Peter Prucha 40 0 2 3
2 Tyler Arnason Patrik Elias Jordan Eberle 30 0 2 3
3 Rickard Wallin Sergei Samsonov Mattias Weinhandl 20 1 2 2
4 Jeff Halpern Ryan Bayda Matt Ellison 10 1 2 2
5 vs 5 Defense
Defense Defense Time % Phy DF OF
1 Chris Pronger Bryan McCabe 40 0 2 3
2 Matt Smaby Jordan Leopold 30 0 2 3
3 Ed Jovanovski Nick Schultz 20 1 2 2
4 Chris Pronger Bryan McCabe 10 1 2 2
PowerPlay Forward
Center Left Wing Right Wing Time % Phy DF OF
1 Brooks Laich Andrei Kostitsyn Peter Prucha 60 0 1 4
2 Tyler Arnason Patrik Elias Jordan Eberle 40 0 1 4
PowerPlay Defense
Defense Defense Time % Phy DF OF
1 Chris Pronger Bryan McCabe 60 0 2 3
2 Matt Smaby Jordan Leopold 40 0 2 3
Penalty Kill 4 Players Forward
Center Wing Time % Phy DF OF
1 Brooks Laich Sergei Samsonov 60 1 3 1
2 Tyler Arnason Jordan Eberle 40 1 3 1
Penalty Kill 4 Players Defense
Defense Defense Time % Phy DF OF
1 Chris Pronger Bryan McCabe 60 1 3 1
2 Matt Smaby Jordan Leopold 40 1 3 1
Penalty Kill - 3 Players Forward
Forward Time % Phy DF OF
1 Sergei Samsonov 60 1 3 1
2 Jordan Eberle 40 1 3 1
Penalty Kill - 3 Players Defense
Defense Defense Time % Phy DF OF
1 Chris Pronger Bryan McCabe 60 1 3 1
2 Matt Smaby Jordan Leopold 40 1 3 1
4 vs 4 Forward
Center Wing Time % Phy DF OF
1 Brooks Laich Andrei Kostitsyn 60 0 2 3
2 Tyler Arnason Patrik Elias 40 0 2 3
4 vs 4 Defense
Defense Defense Time % Phy DF OF
1 Chris Pronger Bryan McCabe 60 1 2 2
2 Matt Smaby Jordan Leopold 40 1 2 2
Last Minutes Offensive
Center Left Wing Right Wing Defense Defense
Brooks Laich Andrei Kostitsyn Peter Prucha Chris Pronger Bryan McCabe
Last Minutes Defensive
Center Left Wing Right Wing Defense Defense
Brooks Laich Andrei Kostitsyn Peter Prucha Chris Pronger Bryan McCabe
Goaltenders
Starting : Jean-Sébastien Giguère
Backup : Mike Smith
Extra Forwards
Normal : Peter Prucha, Jordan Eberle, Andrei Kostitsyn - PP : Peter Prucha, Jordan Eberle - PK : Matt Ellison
Extra Defensemen
Normal : Ed Jovanovski, Bryan McCabe, Matt Smaby - PP : Ed Jovanovski - PK : Nick Schultz, Matt Smaby
Penalty Shots
Andrei Kostitsyn, Sergei Samsonov, Jordan Eberle, Peter Prucha, Patrik Elias
% Time on Ice - Blue Jackets
Lines # - Real PCT - Wanted PCT - Time Play
Normal Forward
1 - 33% - 40% - 15:53
2 - 27% - 30% - 13:00
3 - 25% - 20% - 12:18
4 - 15% - 10% - 7:06
Normal Defense
1 - 37% - 40% - 18:01
2 - 34% - 30% - 16:13
3 - 25% - 20% - 11:50
4 - 5% - 10% - 2:13
PP Forward
1 - 63% - 60% - 4:50
2 - 37% - 40% - 2:47
PP Defense
1 - 75% - 60% - 5:42
2 - 25% - 40% - 1:55
PK Forward
1 - 81% - 60% - 3:19
2 - 19% - 40% - 0:47
PK Defense
1 - 76% - 60% - 3:06
2 - 24% - 40% - 1:00
PK3 Forward
1 - 0% - 60%
2 - 0% - 40%
PK3 Defense
1 - 0% - 60%
2 - 0% - 40%
44 Forward
1 - 76% - 60% - 3:47
2 - 24% - 40% - 1:13
44 Defense
1 - 56% - 60% - 2:49
2 - 44% - 40% - 2:11
Last Minute Offensive - 0:00
Last Minute Defensive - 0:00
Total
Forward - 65:00
Defense - 65:00
|
% Time on Ice - Nordiques
Lines # - Real PCT - Wanted PCT - Time Play
Normal Forward
1 - 32% - 40% - 15:36
2 - 26% - 30% - 12:40
3 - 25% - 20% - 11:59
4 - 17% - 10% - 8:02
Normal Defense
1 - 37% - 40% - 17:54
2 - 31% - 30% - 15:03
3 - 27% - 20% - 13:16
4 - 4% - 10% - 2:04
PP Forward
1 - 63% - 60% - 2:34
2 - 37% - 40% - 1:32
PP Defense
1 - 54% - 60% - 2:13
2 - 46% - 40% - 1:53
PK Forward
1 - 75% - 60% - 5:45
2 - 25% - 40% - 1:52
PK Defense
1 - 63% - 60% - 4:47
2 - 37% - 40% - 2:50
PK3 Forward
1 - 0% - 60%
2 - 0% - 40%
PK3 Defense
1 - 0% - 60%
2 - 0% - 40%
44 Forward
1 - 78% - 60% - 3:55
2 - 22% - 40% - 1:05
44 Defense
1 - 50% - 60% - 2:29
2 - 50% - 40% - 2:31
Last Minute Offensive - 0:00
Last Minute Defensive - 0:00
Total
Forward - 65:00
Defense - 65:00
|
Play by Play
1st period
0:01 of 1st period - Brooks Laich wins face-off versus David Booth in neutral zone.
0:04 of 1st period - Branislav Mezei is hit by Peter Prucha and loses puck.
0:11 of 1st period - Snap shot by Pavel Bure.
0:11 of 1st period - Shot Blocked by Chris Pronger.
0:13 of 1st period - Backhand shot by David Booth.
0:13 of 1st period - Stopped by Jean-Sébastien Giguère without a rebound.
0:14 of 1st period - Jan Bulis wins face-off versus Tyler Arnason in Nordiques zone.
0:17 of 1st period - Wrist shot by Ramzi Abid.
0:17 of 1st period - Goal by Ramzi Abid - Blue Jackets : 1 - Nordiques : 0.
0:18 of 1st period - Marcus Nilson wins face-off versus Rickard Wallin in neutral zone.
0:18 of 1st period - Marcus Nilson is hit by Ed Jovanovski.
0:34 of 1st period - Slapshot by Chris Kelly.
0:34 of 1st period - Goal by Chris Kelly - Blue Jackets : 2 - Nordiques : 0.
0:35 of 1st period - Jan Bulis wins face-off versus Tyler Arnason in neutral zone.
0:50 of 1st period - Slapshot by Blake Wheeler.
0:50 of 1st period - Stopped by Jean-Sébastien Giguère with a rebound.
1:26 of 1st period - Slapshot by Jeff Taffe.
1:26 of 1st period - Shot Blocked by Matt Smaby.
1:28 of 1st period - Wrist shot by Jeff Taffe.
1:28 of 1st period - Stopped by Jean-Sébastien Giguère with a rebound.
1:30 of 1st period - Slapshot by Branislav Mezei.
1:30 of 1st period - Stopped by Jean-Sébastien Giguère without a rebound.
1:31 of 1st period - Chris Kelly wins face-off versus Jeff Halpern in Nordiques zone.
1:44 of 1st period - Slapshot by Chris Kelly.
1:44 of 1st period - Shot Misses the Net.
2:27 of 1st period - Slapshot by Bryan McCabe.
2:27 of 1st period - Deflect By Andrei Kostitsyn.
2:27 of 1st period - Stopped by Rick DiPietro with a rebound.
3:11 of 1st period - Slapshot by Marcus Nilson.
3:11 of 1st period - Shot Misses the Net.
3:13 of 1st period - Snap shot by Adam Deadmarsh.
3:13 of 1st period - Shot Blocked by Nick Schultz.
3:15 of 1st period - Snap shot by Marcus Nilson.
3:15 of 1st period - Shot Misses the Net.
3:17 of 1st period - Slapshot by Branislav Mezei.
3:17 of 1st period - Shot Blocked by Sergei Samsonov.
3:19 of 1st period - Slapshot by Branislav Mezei.
3:19 of 1st period - Shot Blocked by Ed Jovanovski.
4:07 of 1st period - Ed Jovanovski is hit by Dave Steckel and loses puck.
4:11 of 1st period - Icing by Ed Jovanovski.
4:12 of 1st period - Jan Bulis wins face-off versus Tyler Arnason in Nordiques zone.
4:13 of 1st period - Slapshot by Blake Wheeler.
4:13 of 1st period - Shot Blocked by Bryan McCabe.
4:33 of 1st period - Brad Stuart is hit by Chris Pronger and loses puck.
4:41 of 1st period - Off-side.
4:42 of 1st period - Marc Savard wins face-off versus Brooks Laich in neutral zone.
4:49 of 1st period - Wrist shot by Pavel Bure.
4:49 of 1st period - Stopped by Jean-Sébastien Giguère with a rebound.
4:51 of 1st period - Snap shot by Marc Savard.
4:51 of 1st period - Stopped by Jean-Sébastien Giguère without a rebound.
4:52 of 1st period - Brooks Laich wins face-off versus Marc Savard in Nordiques zone.
5:03 of 1st period - Jordan Leopold is hit by Marc Savard.
5:09 of 1st period - Snap shot by Brooks Laich.
5:09 of 1st period - Shot Blocked by Branislav Mezei.
5:27 of 1st period - Snap shot by Brooks Laich.
5:27 of 1st period - Shot Blocked by Branislav Mezei.
5:45 of 1st period - Off-side.
5:46 of 1st period - Tyler Arnason wins face-off versus Chris Kelly in neutral zone.
5:49 of 1st period - Snap shot by Jordan Eberle.
5:49 of 1st period - Stopped by Rick DiPietro without a rebound.
5:50 of 1st period - Tyler Arnason wins face-off versus Chris Kelly in Blue Jackets zone.
5:51 of 1st period - Slapshot by Patrik Elias.
5:51 of 1st period - Stopped by Rick DiPietro with a rebound.
5:53 of 1st period - Snap shot by Jordan Eberle.
5:53 of 1st period - Shot Blocked by François Beauchemin.
5:55 of 1st period - Snap shot by Jordan Eberle.
5:55 of 1st period - Shot Blocked by Brad Stuart.
5:57 of 1st period - Snap shot by Tyler Arnason.
5:57 of 1st period - Goal by Tyler Arnason - Blue Jackets : 2 - Nordiques : 1.
5:58 of 1st period - Chris Kelly wins face-off versus Tyler Arnason in neutral zone.
6:11 of 1st period - Slapshot by Wade Redden.
6:11 of 1st period - Shot Blocked by Tyler Arnason.
6:13 of 1st period - Slapshot by Branislav Mezei.
6:13 of 1st period - Shot Misses the Net.
6:23 of 1st period - Branislav Mezei is hit by Bryan McCabe and loses puck.
6:46 of 1st period - Slapshot by Andrei Kostitsyn.
6:46 of 1st period - Shot Misses the Net.
7:02 of 1st period - Wrist shot by Jeff Taffe.
7:02 of 1st period - Stopped by Jean-Sébastien Giguère without a rebound.
7:03 of 1st period - Jeff Halpern wins face-off versus Dave Steckel in Nordiques zone.
7:03 of 1st period - Jeff Halpern is hit by Dave Steckel.
7:30 of 1st period - Minor Penalty to Marc Savard for Goalie Interference.
7:31 of 1st period - Jeff Taffe wins face-off versus Brooks Laich in Blue Jackets zone.
7:45 of 1st period - Wrist shot by David Booth.
7:45 of 1st period - Stopped by Jean-Sébastien Giguère with a rebound.
7:57 of 1st period - Peter Prucha is hit by Branislav Mezei and loses puck.
8:08 of 1st period - Snap shot by Brooks Laich.
8:08 of 1st period - Deflect By Peter Prucha.
8:08 of 1st period - Stopped by Rick DiPietro without a rebound.
8:09 of 1st period - Jeff Taffe wins face-off versus Tyler Arnason in Blue Jackets zone.
9:30 of 1st period - Penalty to Marc Savard is over, Marc Savard is back on ice.
9:50 of 1st period - Branislav Mezei is hit by Jordan Leopold and loses puck.
9:57 of 1st period - Snap shot by Matt Smaby.
9:57 of 1st period - Stopped by Rick DiPietro without a rebound.
9:58 of 1st period - Chris Kelly wins face-off versus Rickard Wallin in Blue Jackets zone.
10:13 of 1st period - Wrist shot by Chris Kelly.
10:13 of 1st period - Shot Blocked by Sergei Samsonov.
10:23 of 1st period - Mike Commodore is hit by Bryan McCabe and loses puck.
10:28 of 1st period - Snap shot by Jordan Eberle.
10:28 of 1st period - Shot Blocked by A.J Thelen.
10:50 of 1st period - Snap shot by Pavel Bure.
10:50 of 1st period - Shot Misses the Net.
11:19 of 1st period - Off-side.
11:20 of 1st period - Rickard Wallin wins face-off versus Chris Kelly in neutral zone.
12:08 of 1st period - Snap shot by Jeff Taffe.
12:08 of 1st period - Shot Blocked by Chris Pronger.
12:10 of 1st period - Snap shot by Jeff Taffe.
12:10 of 1st period - Stopped by Jean-Sébastien Giguère with a rebound.
12:12 of 1st period - Snap shot by Jeff Taffe.
12:12 of 1st period - Shot Misses the Net.
12:14 of 1st period - Snap shot by Jeff Taffe.
12:14 of 1st period - Stopped by Jean-Sébastien Giguère with a rebound.
12:16 of 1st period - Wrist shot by Jeff Taffe.
12:16 of 1st period - Stopped by Jean-Sébastien Giguère with a rebound.
12:18 of 1st period - Slapshot by François Beauchemin.
12:18 of 1st period - Stopped by Jean-Sébastien Giguère with a rebound.
13:18 of 1st period - Wrist shot by David Booth.
13:18 of 1st period - Stopped by Jean-Sébastien Giguère without a rebound.
13:19 of 1st period - Patrik Elias wins face-off versus Jan Bulis in Nordiques zone.
14:46 of 1st period - Wrist shot by Matt Ellison.
14:46 of 1st period - Shot Misses the Net.
15:04 of 1st period - Wrist shot by Tyler Arnason.
15:04 of 1st period - Stopped by Rick DiPietro with a rebound.
15:06 of 1st period - Wrist shot by Tyler Arnason.
15:06 of 1st period - Shot Misses the Net.
15:08 of 1st period - Slapshot by Ed Jovanovski.
15:08 of 1st period - Stopped by Rick DiPietro without a rebound.
15:09 of 1st period - Brooks Laich wins face-off versus Marc Savard in Blue Jackets zone.
15:55 of 1st period - Wrist shot by Chris Pronger.
15:55 of 1st period - Stopped by Rick DiPietro without a rebound.
15:56 of 1st period - Rickard Wallin wins face-off versus Dave Steckel in Blue Jackets zone.
16:05 of 1st period - Snap shot by Rickard Wallin.
16:05 of 1st period - Shot Misses the Net.
16:30 of 1st period - Wrist shot by Peter Prucha.
16:30 of 1st period - Shot Misses the Net.
17:04 of 1st period - Snap shot by Ryan Bayda.
17:04 of 1st period - Shot Blocked by A.J Thelen.
17:19 of 1st period - Icing by Marcus Nilson.
17:20 of 1st period - Rickard Wallin wins face-off versus Chris Kelly in Blue Jackets zone.
18:39 of 1st period - Jordan Leopold is hit by Dave Steckel and loses puck.
19:30 of 1st period - Snap shot by Mattias Weinhandl.
19:30 of 1st period - Shot Blocked by Brad Stuart.
Goals for this period are 2 for Blue Jackets vs 1 for Nordiques.
Shots for this period are 15 for Blue Jackets vs 9 for Nordiques.
2nd period
0:01 of 2nd period - Brooks Laich wins face-off versus Pavel Bure in neutral zone.
0:04 of 2nd period - Snap shot by Andrei Kostitsyn.
0:04 of 2nd period - Stopped by Rick DiPietro without a rebound.
0:05 of 2nd period - Brooks Laich wins face-off versus Marc Savard in Blue Jackets zone.
0:18 of 2nd period - Andrei Kostitsyn is hit by Marc Savard and loses puck.
1:14 of 2nd period - François Beauchemin is hit by Andrei Kostitsyn and loses puck.
1:40 of 2nd period - Brad Stuart is hit by Chris Pronger and loses puck.
2:18 of 2nd period - Jordan Eberle is hit by Jason Ward and loses puck.
2:25 of 2nd period - Slapshot by Nick Schultz.
2:25 of 2nd period - Shot Misses the Net.
2:27 of 2nd period - Wrist shot by Patrik Elias.
2:27 of 2nd period - Stopped by Rick DiPietro with a rebound.
2:55 of 2nd period - Minor Penalty to A.J Thelen for Holding.
2:56 of 2nd period - Brooks Laich wins face-off versus Marc Savard in Blue Jackets zone.
2:59 of 2nd period - Slapshot by Peter Prucha.
2:59 of 2nd period - Stopped by Rick DiPietro with a rebound.
3:01 of 2nd period - Snap shot by Andrei Kostitsyn.
3:01 of 2nd period - Shot Blocked by Branislav Mezei.
3:03 of 2nd period - Snap shot by Andrei Kostitsyn.
3:03 of 2nd period - Goal by Andrei Kostitsyn - Blue Jackets : 2 - Nordiques : 2.
3:04 of 2nd period - Pavel Bure wins face-off versus Brooks Laich in neutral zone.
3:09 of 2nd period - Slapshot by Branislav Mezei.
3:09 of 2nd period - Stopped by Jean-Sébastien Giguère with a rebound.
3:11 of 2nd period - Snap shot by Pavel Bure.
3:11 of 2nd period - Deflect By David Booth.
3:11 of 2nd period - Deflect By Chris Pronger.
3:11 of 2nd period - Stopped by Jean-Sébastien Giguère with a rebound.
3:13 of 2nd period - Slapshot by Wade Redden.
3:13 of 2nd period - Stopped by Jean-Sébastien Giguère with a rebound.
3:15 of 2nd period - Snap shot by Wade Redden.
3:15 of 2nd period - Shot Blocked by Chris Pronger.
3:17 of 2nd period - Slapshot by Wade Redden.
3:17 of 2nd period - Shot Misses the Net.
3:19 of 2nd period - Wrist shot by Marc Savard.
3:19 of 2nd period - Stopped by Jean-Sébastien Giguère without a rebound.
3:20 of 2nd period - Jan Bulis wins face-off versus Tyler Arnason in Nordiques zone.
3:23 of 2nd period - Snap shot by Jan Bulis.
3:23 of 2nd period - Shot Misses the Net.
3:25 of 2nd period - Snap shot by Jan Bulis.
3:25 of 2nd period - Stopped by Jean-Sébastien Giguère with a rebound.
4:18 of 2nd period - Wrist shot by Chris Kelly.
4:18 of 2nd period - Deflect By Matt Smaby.
4:18 of 2nd period - Stopped by Jean-Sébastien Giguère with a rebound.
4:34 of 2nd period - Snap shot by Sergei Samsonov.
4:34 of 2nd period - Stopped by Rick DiPietro with a rebound.
5:10 of 2nd period - Snap shot by Marc Savard.
5:10 of 2nd period - Shot Misses the Net.
5:16 of 2nd period - Wrist shot by Pavel Bure.
5:16 of 2nd period - Stopped by Jean-Sébastien Giguère without a rebound.
5:17 of 2nd period - Marc Savard wins face-off versus Brooks Laich in Nordiques zone.
6:12 of 2nd period - Slapshot by Wade Redden.
6:12 of 2nd period - Shot Blocked by Tyler Arnason.
6:14 of 2nd period - Slapshot by Branislav Mezei.
6:14 of 2nd period - Shot Misses the Net.
6:34 of 2nd period - Snap shot by Chris Kelly.
6:34 of 2nd period - Shot Misses the Net.
6:52 of 2nd period - Snap shot by Ryan Bayda.
6:52 of 2nd period - Stopped by Rick DiPietro with a rebound.
7:23 of 2nd period - Snap shot by Mattias Weinhandl.
7:23 of 2nd period - Deflect By Andrei Kostitsyn.
7:23 of 2nd period - Shot Misses the Net.
7:23 of 2nd period - Puck is out of play.
7:24 of 2nd period - Dave Steckel wins face-off versus Brooks Laich in Blue Jackets zone.
7:31 of 2nd period - Wrist shot by Jason Ward.
7:31 of 2nd period - Stopped by Jean-Sébastien Giguère without a rebound.
7:32 of 2nd period - David Booth wins face-off versus Andrei Kostitsyn in Nordiques zone.
7:33 of 2nd period - Snap shot by Marc Savard.
7:33 of 2nd period - Deflect By David Booth.
7:33 of 2nd period - Shot Misses the Net.
7:33 of 2nd period - Puck is out of play.
7:34 of 2nd period - Marc Savard wins face-off versus Brooks Laich in Nordiques zone.
7:43 of 2nd period - Snap shot by David Booth.
7:43 of 2nd period - Stopped by Jean-Sébastien Giguère with a rebound.
8:05 of 2nd period - Slapshot by Blake Wheeler.
8:05 of 2nd period - Stopped by Jean-Sébastien Giguère with a rebound.
8:28 of 2nd period - Snap shot by Mattias Weinhandl.
8:28 of 2nd period - Deflect By Sergei Samsonov.
8:28 of 2nd period - Stopped by Rick DiPietro with a rebound.
8:30 of 2nd period - Wrist shot by Sergei Samsonov.
8:30 of 2nd period - Shot Misses the Net.
9:00 of 2nd period - Pavel Bure is hit by Andrei Kostitsyn and loses puck.
9:47 of 2nd period - Snap shot by Mattias Weinhandl.
9:47 of 2nd period - Shot Blocked by Marcus Nilson.
9:59 of 2nd period - Jeff Halpern is hit by A.J Thelen and loses puck.
10:28 of 2nd period - Wrist shot by Peter Prucha.
10:28 of 2nd period - Stopped by Rick DiPietro without a rebound.
10:29 of 2nd period - Ramzi Abid wins face-off versus Brooks Laich in Blue Jackets zone.
10:55 of 2nd period - Jordan Eberle is hit by Marc Savard and loses puck.
11:22 of 2nd period - Slapshot by Bryan McCabe.
11:22 of 2nd period - Shot Misses the Net.
11:24 of 2nd period - Snap shot by Mattias Weinhandl.
11:24 of 2nd period - Stopped by Rick DiPietro with a rebound.
11:34 of 2nd period - Snap shot by Marcus Nilson.
11:34 of 2nd period - Goal by Marcus Nilson - Blue Jackets : 3 - Nordiques : 2.
11:35 of 2nd period - Brooks Laich wins face-off versus David Booth in neutral zone.
12:14 of 2nd period - Off-side.
12:15 of 2nd period - Rickard Wallin wins face-off versus Marc Savard in neutral zone.
12:18 of 2nd period - Marc Savard is hit by Jordan Leopold and loses puck.
12:39 of 2nd period - Matt Smaby is hit by Brad Stuart and loses puck.
12:52 of 2nd period - Wrist shot by Marcus Nilson.
12:52 of 2nd period - Stopped by Jean-Sébastien Giguère with a rebound.
13:06 of 2nd period - Snap shot by Andrei Kostitsyn.
13:06 of 2nd period - Stopped by Rick DiPietro with a rebound.
13:08 of 2nd period - Snap shot by Andrei Kostitsyn.
13:08 of 2nd period - Shot Misses the Net.
13:10 of 2nd period - Slapshot by Andrei Kostitsyn.
13:10 of 2nd period - Goal by Andrei Kostitsyn - Blue Jackets : 3 - Nordiques : 3.
13:11 of 2nd period - Marc Savard wins face-off versus Brooks Laich in neutral zone.
13:24 of 2nd period - Snap shot by David Booth.
13:24 of 2nd period - Shot Hit the Post.
13:26 of 2nd period - Wrist shot by David Booth.
13:26 of 2nd period - Stopped by Jean-Sébastien Giguère with a rebound.
13:32 of 2nd period - Minor Penalty to Peter Prucha for Hooking.
13:33 of 2nd period - Marc Savard wins face-off versus Brooks Laich in Nordiques zone.
13:48 of 2nd period - Bryan McCabe is hit by Pavel Bure and loses puck.
14:11 of 2nd period - Slapshot by Branislav Mezei.
14:11 of 2nd period - Goal by Branislav Mezei - Blue Jackets : 4 - Nordiques : 3.
14:12 of 2nd period - Tyler Arnason wins face-off versus Marc Savard in neutral zone.
14:42 of 2nd period - Snap shot by Blake Wheeler.
14:42 of 2nd period - Stopped by Jean-Sébastien Giguère with a rebound.
14:44 of 2nd period - Wrist shot by Blake Wheeler.
14:44 of 2nd period - Shot Blocked by Bryan McCabe.
14:46 of 2nd period - Snap shot by Jan Bulis.
14:46 of 2nd period - Shot Blocked by Andrei Kostitsyn.
14:48 of 2nd period - Slapshot by Jan Bulis.
14:48 of 2nd period - Shot Blocked by Chris Pronger.
15:02 of 2nd period - Snap shot by Sergei Samsonov.
15:02 of 2nd period - Shot Blocked by Chris Kelly.
15:08 of 2nd period - Slapshot by Mattias Weinhandl.
15:08 of 2nd period - Shot Blocked by Brad Stuart.
15:10 of 2nd period - Slapshot by Sergei Samsonov.
15:10 of 2nd period - Stopped by Rick DiPietro without a rebound.
15:11 of 2nd period - Tyler Arnason wins face-off versus Marc Savard in Blue Jackets zone.
15:24 of 2nd period - Snap shot by Pavel Bure.
15:24 of 2nd period - Deflect By Ed Jovanovski.
15:24 of 2nd period - Stopped by Jean-Sébastien Giguère without a rebound.
15:25 of 2nd period - David Booth wins face-off versus Brooks Laich in Nordiques zone.
15:31 of 2nd period - Major / Game Misconduct Penalty to Ed Jovanovski for Unsportsmanlike conduct.
15:31 of 2nd period - Ed Jovanovski is ejected from game.
15:32 of 2nd period - Marc Savard wins face-off versus Brooks Laich in Nordiques zone.
15:48 of 2nd period - Wrist shot by Sergei Samsonov.
15:48 of 2nd period - Goal by Sergei Samsonov - Blue Jackets : 4 - Nordiques : 4.
15:49 of 2nd period - Brooks Laich wins face-off versus Marc Savard in neutral zone.
15:56 of 2nd period - Wrist shot by Sergei Samsonov.
15:56 of 2nd period - Goal by Sergei Samsonov - Blue Jackets : 4 - Nordiques : 5.
15:57 of 2nd period - Brooks Laich wins face-off versus Marc Savard in neutral zone.
16:02 of 2nd period - Wrist shot by Chris Pronger.
16:02 of 2nd period - Shot Blocked by David Booth.
Goals for this period are 2 for Blue Jackets vs 4 for Nordiques.
Shots for this period are 16 for Blue Jackets vs 14 for Nordiques.
3rd period
0:01 of 3rd period - Brooks Laich wins face-off versus Marc Savard in neutral zone.
0:31 of 3rd period - Penalty to Ed Jovanovski is over, Matt Ellison is send on ice.
0:53 of 3rd period - Slapshot by Ryan Bayda.
0:53 of 3rd period - Shot Blocked by Chris Kelly.
0:55 of 3rd period - Wrist shot by Matt Ellison.
0:55 of 3rd period - Shot Misses the Net.
1:26 of 3rd period - Minor Penalty to Nick Schultz for Holding.
1:27 of 3rd period - Pavel Bure wins face-off versus Brooks Laich in Nordiques zone.
2:50 of 3rd period - Branislav Mezei is hit by Jordan Eberle and loses puck.
3:15 of 3rd period - Wade Redden is hit by Brooks Laich and loses puck.
3:26 of 3rd period - Penalty to Nick Schultz is over, Nick Schultz is back on ice.
3:39 of 3rd period - Wrist shot by Ryan Bayda.
3:39 of 3rd period - Stopped by Rick DiPietro without a rebound.
3:40 of 3rd period - Adam Deadmarsh wins face-off versus Jeff Halpern in Blue Jackets zone.
3:40 of 3rd period - Adam Deadmarsh is hit by Nick Schultz.
4:18 of 3rd period - Slapshot by Chris Kelly.
4:18 of 3rd period - Goal by Chris Kelly - Blue Jackets : 5 - Nordiques : 5.
4:19 of 3rd period - David Booth wins face-off versus Brooks Laich in neutral zone.
4:22 of 3rd period - Andrei Kostitsyn is hit by David Booth and loses puck.
4:31 of 3rd period - Wrist shot by Brooks Laich.
4:31 of 3rd period - Shot Misses the Net.
4:33 of 3rd period - Snap shot by Jordan Leopold.
4:33 of 3rd period - Shot Misses the Net.
4:35 of 3rd period - Slapshot by Brooks Laich.
4:35 of 3rd period - Shot Blocked by Wade Redden.
4:50 of 3rd period - Slapshot by François Beauchemin.
4:50 of 3rd period - Stopped by Jean-Sébastien Giguère without a rebound.
4:51 of 3rd period - Jan Bulis wins face-off versus Rickard Wallin in Nordiques zone.
5:18 of 3rd period - Snap shot by Brad Stuart.
5:18 of 3rd period - Shot Misses the Net.
5:20 of 3rd period - Wrist shot by Adam Deadmarsh.
5:20 of 3rd period - Deflect By Marcus Nilson.
5:20 of 3rd period - Shot Misses the Net.
5:20 of 3rd period - Puck is out of play.
5:21 of 3rd period - Brooks Laich wins face-off versus Chris Kelly in Nordiques zone.
6:14 of 3rd period - Jordan Leopold is hit by Brad Stuart and loses puck.
6:23 of 3rd period - Wrist shot by Mattias Weinhandl.
6:23 of 3rd period - Deflect By Jeff Taffe.
6:23 of 3rd period - Stopped by Rick DiPietro with a rebound.
6:44 of 3rd period - Icing by Jeff Halpern.
6:45 of 3rd period - Marc Savard wins face-off versus Jeff Halpern in Nordiques zone.
6:46 of 3rd period - Wrist shot by David Booth.
6:46 of 3rd period - Shot Misses the Net.
6:59 of 3rd period - Backhand shot by Marc Savard.
6:59 of 3rd period - Goal by Marc Savard - Blue Jackets : 6 - Nordiques : 5.
7:00 of 3rd period - Marc Savard wins face-off versus Brooks Laich in neutral zone.
7:49 of 3rd period - Slapshot by Matt Smaby.
7:49 of 3rd period - Stopped by Rick DiPietro without a rebound.
7:50 of 3rd period - Rickard Wallin wins face-off versus Chris Kelly in Blue Jackets zone.
8:35 of 3rd period - Slapshot by Adam Deadmarsh.
8:35 of 3rd period - Shot Blocked by Nick Schultz.
9:17 of 3rd period - Snap shot by Mattias Weinhandl.
9:17 of 3rd period - Stopped by Rick DiPietro with a rebound.
9:19 of 3rd period - Slapshot by Matt Smaby.
9:19 of 3rd period - Shot Blocked by Adam Deadmarsh.
9:21 of 3rd period - Snap shot by Rickard Wallin.
9:21 of 3rd period - Goal by Rickard Wallin - Blue Jackets : 6 - Nordiques : 6.
9:22 of 3rd period - Brooks Laich wins face-off versus Marc Savard in neutral zone.
9:25 of 3rd period - David Booth is hit by Peter Prucha and loses puck.
10:06 of 3rd period - Matt Smaby is hit by Dave Steckel and loses puck.
10:11 of 3rd period - Mike Commodore is hit by Jeff Halpern and loses puck.
10:28 of 3rd period - Bryan McCabe is hit by Pavel Bure and loses puck.
10:49 of 3rd period - Wrist shot by Blake Wheeler.
10:49 of 3rd period - Stopped by Jean-Sébastien Giguère without a rebound.
10:50 of 3rd period - Andrei Kostitsyn wins face-off versus Ramzi Abid in Nordiques zone.
11:15 of 3rd period - Blake Wheeler is hit by Bryan McCabe and loses puck.
11:22 of 3rd period - Snap shot by Matt Ellison.
11:22 of 3rd period - Stopped by Rick DiPietro without a rebound.
11:23 of 3rd period - Marc Savard wins face-off versus Tyler Arnason in Blue Jackets zone.
11:32 of 3rd period - Snap shot by David Booth.
11:32 of 3rd period - Stopped by Jean-Sébastien Giguère with a rebound.
12:15 of 3rd period - Snap shot by Jan Bulis.
12:15 of 3rd period - Shot Misses the Net.
12:17 of 3rd period - Slapshot by Jan Bulis.
12:17 of 3rd period - Stopped by Jean-Sébastien Giguère without a rebound.
12:18 of 3rd period - Jan Bulis wins face-off versus Tyler Arnason in Nordiques zone.
12:33 of 3rd period - Snap shot by Jordan Eberle.
12:33 of 3rd period - Shot Misses the Net.
12:40 of 3rd period - Icing by Jan Bulis.
12:41 of 3rd period - Marc Savard wins face-off versus Brooks Laich in Blue Jackets zone.
12:54 of 3rd period - Snap shot by David Booth.
12:54 of 3rd period - Deflect By Marc Savard.
12:54 of 3rd period - Stopped by Jean-Sébastien Giguère without a rebound.
12:55 of 3rd period - Brooks Laich wins face-off versus Marc Savard in Nordiques zone.
13:51 of 3rd period - Slapshot by Jason Ward.
13:51 of 3rd period - Shot Blocked by Bryan McCabe.
14:11 of 3rd period - Slapshot by Sergei Samsonov.
14:11 of 3rd period - Shot Blocked by Chris Kelly.
15:13 of 3rd period - Jordan Leopold is hit by Blake Wheeler and loses puck.
16:05 of 3rd period - Minor Penalty to Wade Redden for Elbowing.
16:06 of 3rd period - Marc Savard wins face-off versus Brooks Laich in Blue Jackets zone.
16:06 of 3rd period - Marc Savard is hit by Andrei Kostitsyn.
16:16 of 3rd period - François Beauchemin is hit by Andrei Kostitsyn and loses puck.
16:21 of 3rd period - Wrist shot by Peter Prucha.
16:21 of 3rd period - Stopped by Rick DiPietro without a rebound.
16:22 of 3rd period - Marc Savard wins face-off versus Brooks Laich in Blue Jackets zone.
16:31 of 3rd period - A.J Thelen is hit by Brooks Laich and loses puck.
17:38 of 3rd period - François Beauchemin is hit by Chris Pronger.
17:58 of 3rd period - Bryan McCabe is hit by Blake Wheeler.
18:05 of 3rd period - Penalty to Wade Redden is over, Wade Redden is back on ice.
18:18 of 3rd period - Chris Pronger is hit by Blake Wheeler.
18:40 of 3rd period - Matt Ellison is hit by Brad Stuart and loses puck.
Goals for this period are 2 for Blue Jackets vs 1 for Nordiques.
Shots for this period are 7 for Blue Jackets vs 7 for Nordiques.
Overtime #1
0:01 of 1st overtime period - Brooks Laich wins face-off versus Marc Savard in neutral zone.
0:06 of 1st overtime period - David Booth is hit by Andrei Kostitsyn and loses puck.
0:25 of 1st overtime period - Bryan McCabe is hit by Branislav Mezei and loses puck.
1:20 of 1st overtime period - Snap shot by Patrik Elias.
1:20 of 1st overtime period - Stopped by Rick DiPietro without a rebound.
1:21 of 1st overtime period - Brooks Laich wins face-off versus Marc Savard in Blue Jackets zone.
2:10 of 1st overtime period - Jordan Eberle is hit by Chris Kelly and loses puck.
2:46 of 1st overtime period - Pavel Bure is hit by Patrik Elias and loses puck.
3:12 of 1st overtime period - Brad Stuart is hit by Matt Smaby and loses puck.
3:27 of 1st overtime period - Chris Pronger is hit by Marcus Nilson and loses puck.
3:32 of 1st overtime period - Snap shot by Marcus Nilson.
3:32 of 1st overtime period - Stopped by Jean-Sébastien Giguère with a rebound.
3:44 of 1st overtime period - Chris Pronger is hit by Branislav Mezei and loses puck.
3:59 of 1st overtime period - A.J Thelen is hit by Chris Pronger and loses puck.
4:18 of 1st overtime period - Jordan Leopold is hit by Pavel Bure and loses puck.
4:31 of 1st overtime period - Jordan Leopold is hit by François Beauchemin and loses puck.
Goals for this period are 0 for Blue Jackets vs 0 for Nordiques.
Shots for this period are 1 for Blue Jackets vs 1 for Nordiques.
ShootOut
5:00 of 1st overtime period - Penalty Shot by Marc Savard for Blue Jackets.
5:00 of 1st overtime period - Backhand shot by Marc Savard.
5:00 of 1st overtime period - Stopped by Jean-Sébastien Giguère.
5:00 of 1st overtime period - Penalty Shot by Andrei Kostitsyn for Nordiques.
5:00 of 1st overtime period - Deke by Andrei Kostitsyn.
5:00 of 1st overtime period - Stopped by Rick DiPietro.
5:00 of 1st overtime period - Penalty Shot by David Booth for Blue Jackets.
5:00 of 1st overtime period - Snap shot by David Booth.
5:00 of 1st overtime period - Stopped by Jean-Sébastien Giguère.
5:00 of 1st overtime period - Penalty Shot by Sergei Samsonov for Nordiques.
5:00 of 1st overtime period - Deke by Sergei Samsonov.
5:00 of 1st overtime period - Shot Misses the Net.
5:00 of 1st overtime period - Penalty Shot by Pavel Bure for Blue Jackets.
5:00 of 1st overtime period - Backhand shot by Pavel Bure.
5:00 of 1st overtime period - Goal by Pavel Bure.
5:00 of 1st overtime period - Penalty Shot by Jordan Eberle for Nordiques.
5:00 of 1st overtime period - Snap shot by Jordan Eberle.
5:00 of 1st overtime period - Goal by Jordan Eberle.
5:00 of 1st overtime period - Penalty Shot by Blake Wheeler for Blue Jackets.
5:00 of 1st overtime period - Deke by Blake Wheeler.
5:00 of 1st overtime period - Stopped by Jean-Sébastien Giguère.
5:00 of 1st overtime period - Penalty Shot by Peter Prucha for Nordiques.
5:00 of 1st overtime period - Backhand shot by Peter Prucha.
5:00 of 1st overtime period - Goal by Peter Prucha.
Output by the SimonT Hockey Simulator (STHS) for François Prévost -- Original Page W3C XHTML 1.0 Valid